 Dungeon Crawl Stone Soup version 0.32-a0-411-g744942f433 (webtiles) character file.

Game seed: 14394634822940372666

20 shadowstone the Changeling (level 2, 0/18 HPs)
             Began as an Octopode Shapeshifter on Feb 20, 2024.
             Constricted to death by a ball python (1 damage)
             ... on level 2 of the Dungeon.
             The game lasted 00:02:55 (614 turns).

shadowstone the Changeling (Octopode Shapeshifter)   Turns: 614, Time: 00:02:56

Health: 0/18       AC:  1    Str: 19    XL:     2   Next: 79%
Magic:  2/2        EV: 10    Int: 12    God:
Gold:   45         SH:  0    Dex: 11    Spells: 1/1 levels left

rFire   . . .        h - +3 short sword
rCold   . . .        (no shield)
rNeg    . . .        j - melded +1 hat
rPois   .            (no amulet)
rElec   .            i - +6 ring of strength
rCorr   .            (no ring)
SInv    .            (no ring)
Will    .....        (no ring)
Stlth   ++           (no ring)
HPRegen 0.23/turn    (no ring)
MPRegen 0.08/turn    (no ring)
                     (no ring)

%: no passive effects
@: lethally poisoned (0 -> -2), beast-form, constricted
A: beast (slay +1), almost no armour, amphibious, 8 rings, camouflage 1,
gelatinous body 1, (nimble swimmer 1), tentacles
a: Begin Untransformation


You were on level 2 of the Dungeon.
You were a hulking beast.
You visited 1 branch of the dungeon, and saw 2 of its levels.

You collected 45 gold pieces.

Inventory:

Hand Weapons
 h - a +3 short sword (weapon)
Armour
 g - a +0 helmet
 j - a +1 hat (melded)
Jewellery
 i - a +6 ring of strength (left tentacle)
Talismans
 b - a beast talisman (active)
 c - a flux talisman
Scrolls
 d - a scroll of teleportation {unknown}
 k - 5 scrolls of identify {unknown}
 m - a scroll of noise {unknown}
Potions
 a - 2 potions of lignification
 e - a potion of heal wounds {unknown}
 f - 2 potions of invisibility {unknown}
 l - a potion of resistance {unknown}


   Skills:
 + Level 1.0 Fighting
 + Level 0.3 Short Blades
 + Level 2.0 Dodging
 + Level 3.4 Unarmed Combat
 + Level 3.4 Shapeshifting


You had one spell level left.
You didn't know any spells.
Your spell library was empty.

Dungeon Overview and Level Annotations

Branches:
Dungeon (2/15)

Altars:


Innate Abilities, Weirdness & Mutations

You are a hulking beast.
Your limbs bulge with bestial killing power. (Slay +1)
You cannot wear most types of armour.
You are amphibious.
You can wear up to eight rings at the same time.
Your skin changes colour to match your surroundings (Stealth+).
Your rubbery body absorbs attacks. (AC +1, EV +1)
((You are camouflaged when in or above water. (Stealth+)))
You have tentacles for arms and can constrict up to eight enemies at once.


Message History

You closely miss the hobgoblin. Your grab misses the hobgoblin.
Your squeeze misses the hobgoblin. The hobgoblin closely misses you.
You hit the hobgoblin. You grab the hobgoblin.
The hobgoblin is heavily wounded.
You constrict the hobgoblin. The hobgoblin hits you.
You hit the hobgoblin.
You kill the hobgoblin!
l - a sedimented orange potion
Found a stone staircase leading down.
m - a scroll labelled CEANUTS LEMM
k - 5 scrolls labelled MEEXEW WOMOU (gained 1)
There is a stone staircase leading up here.
An adder and a ball python come into view.
Found a scroll labelled CEANUTS LEMM.
The adder hisses angrily.
The ball python hisses angrily.
A kobold comes into view. It is wielding a +0 club.
Found 14 gold pieces and a red potion.
Found an escape hatch in the floor.
The adder bites you. The adder bites you. The ball python barely misses you.
The ball python closely misses you.
You see here 18 gold pieces.
The adder bites you.
You are poisoned.
The adder poisons you! The ball python closely misses you.
The ball python completely misses you. The adder misses you.
You feel sick. The ball python completely misses you.
The ball python grabs you. The ball python constricts you. The adder bites you.
You see here 18 gold pieces.
You escape the ball python's grasp.
You feel sick. The adder bites you.
* * * LOW HITPOINT WARNING * * *
The ball python attacks as it pursues you!
The ball python barely misses you. The ball python misses you.
Found a stone staircase leading up.
* * * LOW HITPOINT WARNING * * *
You feel sick. The adder barely misses you.
The ball python attacks as it pursues you!
The ball python bites you.
* * * LOW HITPOINT WARNING * * *
The ball python grabs you. The ball python constricts you.
You die...

..........# ...<.
<.........# ! ......
..........####. .....>.
..........#... .......
............# ###...?..#
#........#.#####........#
#....................K..#
................h.......#
................SS....$.#
.......<.....##.$.......#
.............##..#......#
..........##............#
#........###............#
........## #....#.#...!##
.######## #.##...#.#### .
#..####...#


You could see an adder, a ball python and a kobold.

Vanquished Creatures
  A bat (D:1)
  3 endoplasms
  2 hobgoblins
  A kobold (D:1)
  A ball python (D:1)
  A frilled lizard (D:1)
  2 rats (D:1)
11 creatures vanquished.

Notes
Turn   | Place    | Note
-------+----------+-------------------------------------------
     0 | D:1      | shadowstone the Octopode Shapeshifter began the quest for
                  | the Orb.
     0 | D:1      | Reached XP level 1. HP: 13/13 MP: 1/1
   200 | D:1      | Reached XP level 2. HP: 15/18 MP: 2/2
   614 | D:2      | Constricted to death by a ball python

Illustrated notes

Levels and vault maps discovered:
D:1:      minmay_arrival_doors, layout_rooms, chequers_serial_rivers_marsh
D:2:      layout_rooms, serial_bayou_pond_b

Action                     || total
---------------------------++-------
  Melee: Unarmed           ||     5
         Short sword       ||    13
         Constrict         ||     2
         Tentacles         ||     1
   Stab: Sleeping          ||     1
 Armour: Skin              ||    16
  Dodge: Dodged            ||    19
         Form:             ||     1
         Beast             ||     1

Table legend: (Time is in decaauts)
 A = Elapsed time spent in this place.
 B = Non-inter-level travel time spent in this place.
 C = Inter-level travel time spent in this place.
 D = Time resting spent in this place.
 E = Time spent auto-exploring this place.
 F = Levels seen in this place.
 G = Mean time per level.
                   A        B        C        D        E       F      G
               +--------+--------+--------+--------+--------+-----+--------+
         Total |    612 |    609 |      3 |      0 |    163 |   2 |  306.0 |
       Dungeon |    612 |    609 |      3 |      0 |    163 |   2 |  306.0 |
               +--------+--------+--------+--------+--------+-----+--------+

Top non-repeatable levels by time:
     D:1: 545 daAuts
     D:2: 66 daAuts
